 Dungeon Sprint DCSS version 0.21-a0-203-gb066a6e (webtiles) character file.

0 KristoblXynda the Sneak (level 1, 0/21 HPs)
             Began as a Draconian Enchanter on Aug 19, 2017.
             Was an Initiate of Dithmenos.
             Killed from afar by Sigmund (8 damage)
             ... with a magic dart
             ... in the Dungeon (Sprint VI: "Thunderdome").
             The game lasted 00:00:47 (101 turns).

KristoblXynda the Sneak (Draconian Enchanter)        Turns: 101, Time: 00:00:48

Health: 0/21       AC:  4    Str: 15    XL:     1   Next: 33%
Magic:  3/3        EV: 12    Int: 15    God:    Dithmenos [......]
Gold:   200        SH:  0    Dex: 11    Spells: 3/4 levels left

rFire    . . .     SeeInvis .   a - +1 dagger
rCold    . . .     Gourm    .   (no shield)
rNeg     . . .     Faith    .   (armour unavailable)
rPois    .         Spirit   .   (helmet restricted)
rElec    .         Reflect  .   (no cloak)
rCorr    .         Harm     .   (no gloves)
MR       .....     NoTele   +   (no boots)
Stlth    ..........             (no amulet)
HPRegen  0.07/turn              (no ring)
MPRegen  0.08/turn              (no ring)

@: berserking, very quick
A: unfitting armour, cold-blooded, AC +4
a: Renounce Religion


You were in the Dungeon.
You worshipped Dithmenos.
Dithmenos was noncommittal.
You were not hungry.

You visited 1 branch You collected 200 gold pieces.

Inventory:

Hand Weapons
 a - a +1 dagger (weapon)
Wands
 j - a wand of acid (5/15)
 k - a wand of iceblast (5/15)
Scrolls
 i - 4 scrolls of blinking
 l - 3 scrolls of fog
Potions
 d - a potion of curing
 e - 4 potions of heal wounds
 f - 4 potions of haste
 g - 2 potions of magic
 m - a potion of resistance
Books
 b - a book of Maledictions

   Spells                             Type                      Level
   a - Corona                         Hexes                        1
   b - Ensorcelled Hibernation        Hexes/Ice                    2
   c - Confuse                        Hexes                        3
   d - Tukima's Dance                 Hexes                        3
   e - Dazzling Spray                 Conjuration/Hexes            3
Comestibles
 c - a bread ration


   Skills:
 - Level 1.0 Short Blades
 - Level 1.7 Dodging
 + Level 3.1 Stealth
 + Level 2.3 Spellcasting
 + Level 3.1 Hexes


You had 3 spell levels left.
You knew the following spells:

 Your Spells              Type           Power        Failure   Level  Hunger
a - Corona                Hex            ##.....      6%          1    #......


Dungeon Overview and Level Annotations

Branches:
Dungeon (1/1)

Altars:
Cheibriados
Dithmenos
Fedhas
Gozag
Qazlal
Ru
Trog
Uskayaw
Wu Jian
Xom
Yredelemnul
Zin
Jiyva

Shops:
D ?(!!!!

Annotations:
D Sigmund


Innate Abilities, Weirdness & Mutations

Your plain brown scales are hard. (AC +4)
You cannot fit into any form of body armour.
You are cold-blooded and may be slowed by cold attacks.


Message History

Something hits you but does no damage.
A red film seems to cover your vision as you go berserk!
You feel yourself moving faster!
You feel mighty!
You miss something.
Your tail-slap misses something.
Something hits you.
You closely miss something.
An adder comes into view.
You closely miss something.
The adder hisses angrily.
You hear some strange, mumbled words.
A puff of flame appears from out of thin air!
The puff of flame hits you!
You miss something.
The adder moves out of view.
You hit something.
Your tail-slap misses something.
Something hits you but does no damage.
You barely miss something. 15... You puncture something!
Your tail-slap misses something.
You hear some strange, mumbled words.
A magic dart appears from out of thin air!
The magic dart hits you!
You die...

_......._# _......._#
_......._#
###.........###
#⌠...........⌠#
#.8.........8.######
..... #......__.∩##
...8. #.8........∩###
.....###..@{.........##
#...###..........⌠#
#.<.# #S.........⌠#
#...###..........⌠#
..###.............##
..8. #.8........∩###
..... #......___∩##
#.8.. .....8.######
#⌠.. .......⌠#


You could see an adder.

Vanquished Creatures
  A dart slug (D)
1 creature vanquished.

Notes
Turn   | Place    | Note
-------+----------+-------------------------------------------
     0 | D        | KristoblXynda the Draconian Enchanter began the quest for the Orb.
     0 | D        | Reached XP level 1. HP: 14/14 MP: 3/3
     1 | D        | Found a hide-covered altar of Uskayaw.
     1 | D        | Found a blossoming altar of Fedhas.
     2 | D        | Found an opulent altar of Gozag.
     2 | D        | Found a viscous altar of Jiyva.
     3 | D        | Found a basalt altar of Yredelemnul.
     4 | D        | Found Emax's Distillery.
     4 | D        | Found a shadowy altar of Dithmenos.
     4 | D        | Found a glowing silver altar of Zin.
     4 | D        | Found Bebbig's Do-It-Yourself Clinic.
     5 | D        | Found Qucy's Distillery.
     5 | D        | Found Pihaed's Bottled Wisdom.
     5 | D        | Round 1.
    12 | D        | Found a shimmering altar of Xom.
    15 | D        | Found a stormy altar of Qazlal.
    15 | D        | Found a bloodstained altar of Trog.
    15 | D        | Found an ornate altar of the Wu Jian Council.
    15 | D        | Found Dewkysog's Staff Store.
    15 | D        | Found Othatz's Magic Scroll Shop.
    20 | D        | Found a snail-covered altar of Cheibriados.
    24 | D        | Became a worshipper of Dithmenos the Shadowed
    79 | D        | Noticed Sigmund
    79 | D        | Found a sacrificial altar of Ru.
   101 | D        | Killed from afar by Sigmund

Vault maps used:
D:        arena_sprint

Skill      XL: |  1 |
---------------+----+-----
Stealth        | 3 |  3.1
Hexes          | 3 |  3.1
Short Blades   | |  1.0
Dodging        | |  1.7
Spellcasting   | |  2.3

Action                   || total
-------------------------++-------
Melee: Dagger            ||    11
       Tailslap          ||     1
  Use: Potion            ||     1
Armor: Skin              ||     4
Dodge: Dodged            ||     3
